 Dungeon Crawl Stone Soup version 0.21.1-1-g345015f (webtiles) character file.

633 dvd the Firebug (level 7, -7/42 HPs)
             Began as an Octopode Fire Elementalist on July 29, 2018.
             Mangled by an orc warrior
             ... wielding a +0 battleaxe
              (27 damage)
             ... on level 8 of the Dungeon.
             The game lasted 00:13:25 (5149 turns).

dvd the Firebug (Octopode Fire Elementalist)        Turns: 5149, Time: 00:13:28

Health: -7/42      AC:  1    Str:  7    XL:     7   Next: 49%
Magic:  2/13       EV: 14    Int: 19    God:
Gold:   235        SH:  3    Dex: 13    Spells: 2/14 levels left

rFire    + . .     SeeInvis .   m - +2 falchion (slice)
rCold    + . .     Gourm    .   (no shield)
rNeg     . . .     Faith    .   (helmet restricted)
rPois    .         Spirit   .   o - +3 amulet of reflection
rElec    .         Reflect  +   t - ring of protection from fire
rCorr    .         Harm     .   u - ring of protection from cold
MR       .....                  (no ring)
Stlth    +++.......             (no ring)
HPRegen  0.14/turn              (no ring)
MPRegen  0.13/turn              (no ring)
                                (no ring)
                                (no ring)

@: very slightly contaminated
A: almost no armour, stealthy swim, amphibious, 8 rings, constrict 8, camouflage
1, gelatinous body 1
a: no special abilities


You were on level 8 of the Dungeon.
You were not hungry.

You visited 2 branches of the dungeon, and saw 8 of its levels.

You collected 235 gold pieces.

Inventory:

Hand Weapons
 d - a +0 mace
 k - a +0 dagger of draining
 m - a +2 falchion of slicing (weapon)
Jewellery
 o - a +3 amulet of reflection (around mantle)
 t - a ring of protection from fire (left tentacle)
 u - a ring of protection from cold (right tentacle)
Wands
 f - a wand of random effects (21)
 r - a wand of iceblast (7)
Scrolls
 e - a scroll of enchant armour {unknown}
 i - a scroll of blinking {unknown}
 j - 6 scrolls of identify {unknown}
 l - 3 scrolls of teleportation
 p - a scroll of remove curse
 q - a scroll of amnesia {unknown}
Potions
 c - a potion of lignification {unknown}
 g - a potion of agility {unknown}
 h - 3 potions of ambrosia {unknown}
 n - 2 potions of heal wounds {unknown}
Books
 a - a book of Flames

   Spells                             Type                      Level
   a - Flame Tongue                   Conjuration/Fire             1
   b - Throw Flame                    Conjuration/Fire             2
   c - Conjure Flame                  Conjuration/Fire             3
   d - Inner Flame                    Hexes/Fire                   3
   e - Sticky Flame                   Conjuration/Fire             4
   f - Fireball                       Conjuration/Fire             5
Comestibles
 b - 9 rations


   Skills:
 + Level 0.9 Fighting
 + Level 0.5 Short Blades
 + Level 0.3 Maces & Flails
 + Level 2.6 Dodging
 - Level 2.6 Stealth
 + Level 4.2 Spellcasting
 + Level 3.9 Conjurations
 + Level 5.5 Fire Magic
 + Level 0.1 Evocations


You had 2 spell levels left.
You knew the following spells:

 Your Spells              Type           Power        Failure   Level  Hunger
a - Flame Tongue          Conj/Fire      ###..        1%          1    None
b - Throw Flame           Conj/Fire      ###...       2%          2    #......
c - Sticky Flame          Conj/Fire      ###.....     19%         4    ####...
d - Fireball              Conj/Fire      ###.......   45%         5    ######.


Dungeon Overview and Level Annotations

Branches:
Dungeon (8/15)             Temple (1/1) D:4
   Lair: D:8-11

Altars:
Ashenzari
Cheibriados
Dithmenos
Fedhas
Gozag
Hepliaklqana
Kikubaaqudgha
Makhleb
Okawaru
Qazlal
Ru
Trog
Uskayaw
Wu Jian
Yredelemnul

Annotations:
D:2 2 transporters, Menkaure
D:4 aaksess's ghost, amateur OgIE


Innate Abilities, Weirdness & Mutations

You cannot wear most types of armour.
You are very stealthy in the water. (Stealth+)
You are amphibious.
You can wear up to eight rings at the same time.
You can use your tentacles to constrict eight enemies at once.
Your skin changes colour to match your surroundings (Stealth+).
Your rubbery body absorbs attacks. (AC +1, EV +1)


Message History

You block the orc's attack.
You barely miss the orc. You grab the orc.
You squeeze the orc, but do no damage.
The orc is severely wounded.
You constrict the orc warrior, but do no damage.
You constrict the orc, but do no damage.
The orc warrior hits you with a battleaxe!!
The orc closely misses you.
Casting: Sticky Flame
Confirm with . or Enter, or press ? or * to list all spells.
Aiming: Flame Tongue
Press: ? - help, Shift-Dir - straight line, f - orc, p - orc warrior
Aim: an orc, wearing a ring mail (severely wounded, constricted by you)
The flame tongue hits the orc.
The orc appears unharmed.
The orc is severely wounded.
You constrict the orc warrior, but do no damage.
You constrict the orc, but do no damage.
The orc warrior hits you with a battleaxe!!
Ouch! That really hurt!
You die...

##...## #....#
###.....###....#
.........##....#
#.........o?..#
#.......##W...#
##...§{###....#
##..W..####h.##
#.......# #o##
#.......# #@#
#.......###o##
##....o.#....#
##...#.#....# #
#####o#....#
###.### #.#....#
#......####....>.#
....o.o.†........#
...###..÷.###....#


You could see a phantom, an orc warrior, a hound, an orc priest and an orc.

Vanquished Creatures
  A steam dragon (D:8)
  An ogre (D:4)
  A scorpion (D:8)
  A crimson imp (D:4)
  An orc priest (D:3)
  An orc wizard (D:8)
  An iguana (D:4)
  A worker ant (D:5)
  Terence (D:2)
  4 gnolls
  5 adders
  An ooze (D:4)
  3 worms (D:2)
  2 dart slugs
  2 leopard geckos
  12 orcs
  A ball python (D:3)
  13 bats
  7 giant cockroaches
  11 goblins
  6 hobgoblins
  4 jackals
  2 quokkas
  7 frilled lizards
  5 kobolds
  11 rats
105 creatures vanquished.

Notes
Turn   | Place    | Note
-------+----------+-------------------------------------------
     0 | D:1      | dvd the Octopode Fire Elementalist began the quest for the Orb.
     0 | D:1      | Reached XP level 1. HP: 11/11 MP: 3/3
   160 | D:1      | Reached XP level 2. HP: 7/17 MP: 0/5
   400 | D:1      | Learned a level 2 spell: Throw Flame
   754 | D:1      | Reached XP level 3. HP: 21/21 MP: 3/6
  1433 | D:2      | Found a transporter.
  1433 | D:2      | Found a basalt altar of Yredelemnul.
  1440 | D:2      | Noticed Menkaure
  1467 | D:2      | Reached XP level 4. HP: 23/27 MP: 0/8
  1549 | D:2      | Noticed Terence
  1558 | D:2      | Killed Terence
  1621 | D:2      | Noticed an orc warrior
  1733 | D:2      | Found a transporter.
  1761 | D:2      | Found an ancient bone altar of Kikubaaqudgha.
  1985 | D:2      | Reached skill level 4 in Fire Magic
  1995 | D:2      | Reached XP level 5. HP: 31/31 MP: 0/9
  2250 | D:1      | Learned a level 4 spell: Sticky Flame
  2963 | D:3      | Reached XP level 6. HP: 36/36 MP: 4/10
  3066 | D:3      | Found an opulent altar of Gozag.
  3145 | D:3      | Found a shadowy altar of Dithmenos.
  3537 | D:4      | Reached skill level 5 in Fire Magic
  3618 | D:4      | Found a staircase to the Ecumenical Temple.
  3627 | Temple   | Entered the Ecumenical Temple
  4385 | D:4      | Noticed aaksess's ghost (amateur OgIE)
  4436 | D:5      | Entered Level 5 of the Dungeon
  4556 | D:5      | Found a snail-covered altar of Cheibriados.
  4772 | D:5      | You fall through a shaft for 2 floors!
  4785 | D:7      | Found a bloodstained altar of Trog.
  4785 | D:7      | Noticed a black bear
  4785 | D:7      | Noticed a black bear
  4792 | D:8      | Noticed a steam dragon
  4808 | D:8      | Killed a steam dragon
  4808 | D:8      | Reached XP level 7. HP: 42/42 MP: 11/13
  4833 | D:8      | Learned a level 5 spell: Fireball
  5149 | D:8      | Mangled by an orc warrior

Skill      XL: |  1  2  3  4  5  6 |
---------------+-------------------+-----
Conjurations   | 2 3 |  3.9
Fire Magic     | 4 5 |  5.5
Spellcasting   | 3 4 |  4.2
Fighting       | |  0.9
Short Blades   | |  0.5
Maces & Flails | |  0.3
Dodging        | |  2.6
Stealth        | |  2.6
Evocations     | |  0.1

Action                   |  1- 3 |  4- 6 |  7- 9 || total
-------------------------+-------+-------+-------++-------
Melee: Constrict         |     2 |     9 |     2 ||    13
       Tentacles         |     1 |     5 |     2 ||     8
       Unarmed           |     1 |       |       ||     1
       Mace              |     4 |       |       ||     4
       Dagger            |     4 |    33 |       ||    37
       Falchion          |       |       |     7 ||     7
 Cast: Flame Tongue      |    37 |    95 |    17 ||   149
       Throw Flame       |    10 |    19 |     5 ||    34
       Sticky Flame      |       |     2 |       ||     2
Evoke: Wand              |       |     2 |     1 ||     3
  Use: Scroll            |       |     3 |       ||     3
 Stab: Sleeping          |     2 |     3 |       ||     5
  Eat: Chunk             |     2 |    12 |     1 ||    15
Armor: Skin              |       |     3 |       ||     3
Dodge: Dodged            |     7 |    48 |     6 ||    61
Block: Other             |       |    11 |     3 ||    14
       Rpst.: Falchion   |       |       |     1 ||     1
